 Seeded DCSS version 0.30-a0-1053-gbd8d5ba0ad (webtiles) character file.

Game seed: 17648689053650240684 (custom seed)

104 GigaChad the Shield-Bearer (level 5, 0/42 HPs)
             Began as a Formicid Fighter on Apr 11, 2023.
             Slain by a gnoll
             ... wielding a +0 whip
              (2 damage)
             ... on level 4 of the Dungeon.
             The game lasted 00:02:12 (2348 turns).

GigaChad the Shield-Bearer (Formicid Fighter)       Turns: 2348, Time: 00:02:13

Health: 0/42       AC: 11    Str: 23    XL:     5   Next: 7%
Magic:  5/5        EV:  6    Int:  7    God:
Gold:   193        SH:  5    Dex: 13    Spells: 4/4 levels left

rFire   . . .      SeeInvis +    a - +1 war axe
rCold   . . .      Faith    .    c - +0 buckler
rNeg    . . .      Spirit   .    h - +0 plate armour
rPois   .          Reflect  .    (helmet unavailable)
rElec   .          Rampage  .    (no cloak)
rCorr   .                        (no gloves)
Will    .....                    (no boots) Stlth
                                 (no amulet)
HPRegen 0.27/turn                (no ring)
MPRegen 0.09/turn                (no ring)

@: no status effects
A: permanent stasis, dig shafts and tunnels, antennae 3, four strong arms
a: Dig, Shaft Self


You were on level 4 of the Dungeon.
You visited 1 branch of the dungeon, and saw 4 of its levels.

You collected 193 gold pieces.

Inventory:

Hand Weapons
 a - a +1 war axe (weapon)
Armour
 b - a +0 scale mail
 c - a +0 buckler (worn)
 h - a +0 plate armour (worn)
Jewellery
 i - a ring of fire
Scrolls
 e - 2 scrolls of summoning
 f - a scroll of fog
 g - a scroll of noise {unknown}
 j - 2 scrolls of magic mapping
 k - a scroll of poison
 l - a scroll of identify
 n - a scroll of enchant armour {unknown}
Potions
 d - a potion of might
 m - a potion of haste {unknown}
 o - a potion of attraction {unknown}


   Skills:
 * Level 3.8 Fighting
 * Level 3.2 Axes
 * Level 4.3 Armour
 - Level 0.3 Dodging
 - Level 0.2 Stealth
 * Level 4.4 Shields


You had 4 spell levels left.
You didn't know any spells.
Your spell library contained the following spells:

 Spells                   Type           Power      Damage    Failure   Level
 Dazzling Flash           Conj/Hex       0%         N/A       100%        3
 Inner Flame              Hex/Fire       0%         N/A       100%        3
 Flame Wave               Conj/Fire      0%         2d4       100%        4
 Sticky Flame             Conj/Fire      0%         2d3       100%        4
 Agony                    Necr           0%         N/A       100%        5
 Silence                  Hex/Air        0%         N/A       100%        5


Dungeon Overview and Level Annotations

Branches:
Dungeon (4/15)
 Temple: D:4-7

Altars:

Shops:
D:1 (


Innate Abilities, Weirdness & Mutations

You cannot be hasted, slowed, berserked, paralysed or teleported.
You can dig through walls and to a lower floor.
You have a pair of large antennae on your head. (SInv)
Your four strong arms can wield two-handed weapons with a shield.


Message History

The orc hits you with a +0 flail!
The gnoll hits you from afar with a +0 halberd!
Unknown command.
You are too injured to fight recklessly!
Unknown command.
You are too injured to fight recklessly!
Unknown command.
You are too injured to fight recklessly!
Unknown command.
The orc attacks as you move away! The orc hits you with a +0 flail.
The gnoll attacks as you move away! The gnoll hits you with a +0 whip.
* * * LOW HITPOINT WARNING * * *
The gnoll hits you but does no damage. The orc hits you but does no damage.
The gnoll hits you but does no damage. The gnoll attacks as you move away!
The gnoll hits you but does no damage. The orc hits you but does no damage.
The gnoll barely misses you. The orc attacks as you move away!
The orc hits you but does no damage. The gnoll hits you with a +0 whip.
* * * LOW HITPOINT WARNING * * *
The gnoll hits you from afar with a +0 halberd!
* * * LOW HITPOINT WARNING * * *
There is a stone staircase leading down, spattered with blood here.
The gnoll hits you but does no damage. The gnoll barely misses you.
You climb downwards.
You hear the hiss of flowing sand.
There is an entrance to an ossuary on this level.
Hurry and find it before the portal is buried!
There is a stone staircase leading up here.
You hit the gnoll.
The gnoll is moderately wounded.
You closely miss the orc. You block the gnoll's attack.
The orc hits you but does no damage. The orc hits you with a +0 dagger.
* * * LOW HITPOINT WARNING * * *
The gnoll hits you but does no damage.
You hit the orc but do no damage.
The orc is heavily wounded.
You closely miss the gnoll. You block the orc's attack.
The gnoll hits you with a +0 whip.
You die... ############# ......o@g...# .##########.# { { {

You could see a gnoll and an orc.

Vanquished Creatures
  4 gnolls (D:2)
  2 adders (D:2)
  A worm (D:2)
  2 dart slugs (D:2)
  3 orcs (D:3)
  3 bats
  2 endoplasms
  2 giant cockroaches (D:3)
  4 goblins
  A hobgoblin (D:2)
  2 jackals (D:1)
  4 kobolds
  6 ball pythons (D:1)
  A frilled lizard (D:2)
  4 rats
41 creatures vanquished.

Notes
Turn   | Place    | Note
-------+----------+-------------------------------------------
     0 | D:1      | GigaChad the Formicid Fighter began the quest for the Orb.
     0 | D:1      | Reached XP level 1. HP: 18/18 MP: 1/1
   355 | D:1      | Found Ijilaes's Weapon Boutique.
   396 | D:1      | Reached XP level 2. HP: 23/24 MP: 2/2
   493 | D:1      | Reached XP level 3. HP: 25/29 MP: 3/3
  1491 | D:2      | Reached XP level 4. HP: 36/36 MP: 4/4
  2309 | D:3      | Reached XP level 5. HP: 42/42 MP: 5/5
  2344 | D:3      | HP: 1/42 [gnoll/+0 halberd (11)]
  2348 | D:4      | Slain by a gnoll

Illustrated notes

Levels and vault maps discovered:
D:1:      lemuel_arrival_river_ford, layout_basic, serial_shops, shop,
          roderic_roman_lattice, st_stairs_11, hangedman_decor_push,
          chequers_serial_rivers_micro_b
D:2:      layout_loops_corners, st_stairs_8
D:3:      layout_rooms
D:4:      layout_loops_ring, riverfiend_overflow_shadow_ancestor,
          ashenzari_conservatory_becter, mainiacjoe_overflow_chevrons,
          nicolae_ossuary_entry_giza, nicolae_hexahallways, grunt_ministairs_2

Skill      XL: |  1  2  3  4 |
---------------+-------------+-----
Armour         | 4 |  4.3
Axes           | 3 |  3.2
Fighting       | |  3.8
Dodging        | |  0.3
Stealth        | |  0.2
Shields        | |  4.4

Action                     |  1- 3 |  4- 6 || total
---------------------------+-------+-------++-------
  Melee: War axe           |    63 |    31 ||    94
    Use: Scroll            |     6 |       ||     6
 Armour: Scale mail        |     9 |       ||     9
         Plate armour      |    36 |    35 ||    71
  Dodge: Dodged            |    19 |    25 ||    44
  Block: Buckler           |    11 |    16 ||    27

Table legend: (Time is in decaauts)
 A = Elapsed time spent in this place.
 B = Non-inter-level travel time spent in this place.
 C = Inter-level travel time spent in this place.
 D = Time resting spent in this place.
 E = Time spent auto-exploring this place.
 F = Levels seen in this place.
 G = Mean time per level.
                   A        B        C        D        E       F      G
               +--------+--------+--------+--------+--------+-----+--------+
         Total |   2394 |   2350 |     44 |    553 |   1498 |   4 |  598.5 |
       Dungeon |   2394 |   2350 |     44 |    553 |   1498 |   4 |  598.5 |
               +--------+--------+--------+--------+--------+-----+--------+

Top non-repeatable levels by time:
     D:2: 1389 daAuts
     D:1: 937 daAuts
     D:3: 64 daAuts
     D:4: 2 daAuts
